 Dungeon Crawl Stone Soup version 0.31-a0-825-gf28bc0971e (webtiles) character file.

Game seed: 14572910453243917867

27502 qw the Marksgargoyle (level 13, -3/84 HPs)
             Began as a Gargoyle Hunter on Sept 23, 2023.
             Was an Elder of Okawaru.
             Slain by an elephant (7 damage)
             ... on level 5 of the Lair of Beasts.
             The game lasted 00:05:49 (11592 turns).

qw the Marksgargoyle (Gargoyle Hunter)             Turns: 11592, Time: 00:05:49

Health: -3/84      AC: 29    Str: 16    XL:     13   Next: 32%
Magic:  19/19      EV: 18    Int: 10    God:    Okawaru [****..]
Gold:   480        SH:  0    Dex: 21    Spells: 12/12 levels left

rFire   . . .        Y - +2 orcbow (heavy)
rCold   . . .        (shield currently unavailable)
rNeg    + . .        r - +0 ring mail of Deaw {Fly Dex+4}
rPois   inf          e - +0 helmet
rElec   +            o - +1 cloak {Will+}
rCorr   .            d - +1 pair of gloves
SInv    .            i - +0 pair of boots
Will    +....        g - amulet of regeneration
Stlth   +++          f - +4 ring of protection
HPRegen 1.14/turn    (no ring)
MPRegen 0.16/turn

%: no passive effects
@: heroic, flying
A: sickness immunity, AC +9, negative energy resistance 1, electricity
resistance, torment resistance 1, petrification resistance
a: Renounce Religion, Heroism, Finesse


You were on level 5 of the Lair of Beasts.
You worshipped Okawaru.
Okawaru was greatly pleased with you.
You visited 3 branches of the dungeon, and saw 16 of its levels.

You collected 856 gold pieces.
You spent 376 gold pieces at shops.


Innate Abilities, Weirdness & Mutations

You are immune to sickness and miasma.
Your stone body is resilient. (AC +9)
You are immune to poison.
You resist negative energy. (rN+)
You are resistant to electric shocks. (rElec)
You are resistant to unholy torment.
You are immune to petrification.


   Skills:
 - Level 11.0(16.0) Fighting
 - Level 16.1(21.1) Ranged Weapons
 - Level 7.0(12.0) Armour
 + Level 5.9(10.9) Dodging
 - Level 1.1(6.1) Stealth
 + Level 8.8 Invocations


You had 12 spell levels left.
You didn't know any spells.
Your spell library was empty.

Inventory:

Hand Weapons
 Y - a +2 heavy orcbow (weapon)
Armour
 d - a +1 pair of gloves (worn)
 e - a +0 helmet (worn)
 i - a +0 pair of boots (worn)
 j - a +3 leather armour of cold resistance
 o - a +1 cloak of willpower (worn)
 q - a +0 robe of fire resistance
 r - the +0 ring mail of Deaw (worn) {Fly Dex+4}
   (You found it on level 1 of the Lair of Beasts)

   Dex+4:     It affects your dexterity (+4).
   Fly:       It grants you flight.
Jewellery
 f - a +4 ring of protection (left hand)
 g - an amulet of regeneration (around neck)
Wands
 l - a wand of digging (7)
Scrolls
 a - 6 scrolls of identify
Potions
 b - 3 potions of might
 c - 3 potions of haste
 h - 8 potions of curing
 k - a potion of cancellation
 n - a potion of enlightenment

Dungeon Overview and Level Annotations

Branches:
Dungeon (11/15)            Temple (1/1) D:5            Lair (5/5) D:11
    Orc (0/2) D:10
  Swamp: Lair:2-3    Shoals: Lair:2-3     Snake: Lair:2-3    Spider: Lair:2-3
  Slime: Lair:4-5

Altars:
Ashenzari
Cheibriados
Dithmenos
Elyvilon
Fedhas
Gozag
Hepliaklqana
Kikubaaqudgha
Makhleb
Nemelex Xobeh
Okawaru
Qazlal
Ru
Sif Muna
Trog
Uskayaw
Vehumet
Wu Jian
Xom
Yredelemnul
Zin
The Shining One

Shops:
D:4 [   D:8 *

Annotations:
D:9 2 transporters, qw's ghost, journeyman GrHu


Message History

A polar bear comes into view.
The spriggan attacks as it pursues you! The spriggan completely misses you.
The spriggan rider barely misses you.
The wolf moves out of view.
You shoot an arrow. The elephant trumpets!
The arrow hits the spriggan!!
You kill the spriggan!
Okawaru accepts your kill.
You hear a shout!
The black bear completely misses you. The black bear closely misses you.
The black bear completely misses you.
The spriggan rider hits you from afar with a +0 spear!
You shoot an arrow. The arrow hits the elephant!!
The elephant is moderately wounded.
You hear a trumpeting!
A wolf comes into view.
The black bear bites you. The black bear claws you. The black bear misses you.
The spriggan rider hits you from afar with a +0 spear.
The elephant barely misses you. x2
You hear a howl!
You shoot an arrow. The arrow hits the elephant!
The elephant is heavily wounded.
The black bear bites you but does no damage.
The black bear barely misses you. The black bear closely misses you.
The spriggan rider completely misses you.
The boggart casts a spell.
A rime drake comes into view.
The elephant misses you. x2; The spriggan misses you.
The black bear barely misses you. x2
The black bear claws you but does no damage.
You shoot an arrow. The arrow hits the elephant!
The elephant is severely wounded.
The spriggan rider barely misses you. The spriggan hits you with a +0 dagger.
The black bear closely misses you. x2
The black bear claws you but does no damage.
The spriggan rider misses you.
You shoot an arrow. The arrow hits the elephant.
The elephant is severely wounded.
The elephant tramples you!
You die... 7777 h

...77 7.7
77...77...
77.7.....7
77..YYi7


77..ihhi7 7...hFhYY@7 7....Yg7777 ......7 ..7... 7 7777 You could see 5
elephants, a spriggan rider, a polar bear, a cane toad (summoned), a black bear,
2 spriggans, 2 wolves and a boggart.

Vanquished Creatures
  Josephine (D:11)
  A centaur warrior (D:9)
  Erica (D:8)
  2 two-headed ogres
  A death yak (Lair:5)
  Amaemon (D:10)
  2 oklob plants
  An ugly thing (D:8)
  A cyclops (D:11)
  A manticore (D:11)
  Maurice (D:8)
  Joseph (D:8)
  A merfolk siren (Lair:3)
  4 cane toads
  A torpor snail (Lair:2)
  An orange demon (D:10)
  Maggie (D:6)
  Psyche (D:9)
  3 komodo dragons
  A rime drake (Lair:2)
  A polar bear (Lair:2)
  3 trolls (D:11)
  3 merfolk (Lair:3)
  Prince Ribbit (D:4)
  8 blink frogs
  4 shadows
  6 slime creatures
  A spriggan (Lair:5)
  5 wraiths
  5 wyverns
  A vampire (D:10)
  21 yaks
  A basilisk (Lair:1)
  5 vampire mosquitoes
  Grum (D:8)
  An acid dragon (D:10)
  9 water moccasins
  3 orc warriors
  4 ice beasts
  6 black bears
  An ogre (D:4)
  5 wolves
  4 centaurs
  3 kobold brigands
  15 bullfrogs
  4 scorpions
  2 gnoll sergeants
  7 wights (D:10)
  8 killer bees (D:9)
  2 troll zombies (D:10)
  An electric eel (D:9)
  6 howler monkeys
  A jelly (D:5)
  6 hounds
  A sleepcap (D:7)
  8 orc priests
  5 iguanas
  3 orc wizards
  6 ogre zombies (D:10)
  12 gnolls
  13 adders
  3 shadow imps
  2 white imps (D:6)
  A worm (D:3)
  2 dart slugs
  24 orcs
  4 endoplasms
  13 goblins
  7 hobgoblins
  2 quokkas (D:2)
  3 ball pythons
  5 bats
  A frilled lizard (D:3)
  3 goblin zombies (D:10)
  A hobgoblin skeleton (D:10)
  4 hobgoblin zombies (D:10)
  15 kobolds
  An orc skeleton (D:10)
  16 orc zombies (D:10)
  2 rats (D:1)
338 creatures vanquished.

Notes
Turn   | Place    | Note
-------+----------+-------------------------------------------
     0 | D:1      | qw the Gargoyle Hunter began the quest for the Orb.
     0 | D:1      | Reached XP level 1. HP: 12/12 MP: 1/1
     0 | D:1      | 0 ||| qw: Version: 0.3-a-83-gcd0e7d8
     0 | D:1      | 0 ||| qw: Game counter: 1802
     0 | D:1      | 0 ||| qw: Melee chars always use a shield: true
     0 | D:1      | 0 ||| qw: God list: Okawaru
     0 | D:1      | 0 ||| qw: Allow faded altars: false
     0 | D:1      | 0 ||| qw: Do Orc after clearing Dungeon:15 true
     0 | D:1      | 0 ||| qw: Do second Lair branch before Depths: true
     0 | D:1      | 0 ||| qw: Lair rune preference: random
     0 | D:1      | 0 ||| qw: Goals: Normal
     0 | D:1      | 0 ||| PLANNING D:1-11
   280 | D:1      | Reached XP level 2. HP: 17/17 MP: 2/2
   906 | D:1      | 906 ||| UPGRADING to +0 pair of gloves.
   911 | D:1      | 911 ||| UPGRADING to +0 helmet.
   916 | D:1      | 916 ||| UPGRADING to +0 ring mail.
   926 | D:1      | 926 ||| DROPPING +0 leather armour.
   927 | D:1      | 927 ||| DRINKING 2 dark potions.
   928 | D:1      | 928 ||| DRINKING 2 brown potions.
   929 | D:1      | 929 ||| DROPPING scroll of butterflies.
   930 | D:1      | 930 ||| DROPPING potion of attraction.
   975 | D:2      | Reached skill level 1 in Armour
   979 | D:2      | Reached XP level 3. HP: 19/21 MP: 3/3
  1011 | D:2      | Reached skill level 5 in Ranged Weapons
  1256 | D:2      | Found a faded altar of an unknown god.
  1563 | D:2      | Reached skill level 3 in Fighting
  1563 | D:2      | Reached XP level 4. HP: 22/28 MP: 4/4
  1569 | D:2      | 1569 ||| FLEEEEING.
  1570 | D:2      | 1570 ||| FLEEEEING.
  1571 | D:2      | 1571 ||| FLEEEEING.
  1572 | D:2      | 1572 ||| FLEEEEING.
  1573 | D:2      | 1573 ||| FLEEEEING.
  1574 | D:2      | 1574 ||| FLEEEEING.
  1575 | D:2      | 1575 ||| FLEEEEING.
  1576 | D:2      | 1576 ||| FLEEEEING.
  1577 | D:2      | 1577 ||| FLEEEEING.
  1850 | D:2      | 1850 ||| READING scroll labelled KOUME VESCHAS.
  1851 | D:2      | 1851 ||| DRINKING 2 cyan potions.
  1907 | D:3      | Reached XP level 5. HP: 29/32 MP: 5/5
  2271 | D:3      | Found a faded altar of an unknown god.
  2276 | D:3      | Found a sparkling altar of Nemelex Xobeh.
  2331 | D:3      | 2331 ||| READING scroll labelled ENGUEC UCID.
  2332 | D:3      | 2332 ||| READING scroll labelled IHUIJIELES.
  2332 | D:3      | Identified a scroll of acquirement
  2332 | D:3      | 2332 ||| ACQUIRING +2 orcbow of flaming
  2332 | D:3      | Acquired a +2 orcbow of flaming
  2334 | D:3      | 2334 ||| SWAPPING to +2 orcbow of flaming.
  2335 | D:3      | 2335 ||| DROPPING +1 shortbow.
  2336 | D:3      | 2336 ||| READING scroll labelled WOANTU ROAZIZ.
  2340 | D:3      | 2340 ||| READING scroll labelled TABBE APUBEZ.
  2357 | D:4      | 2357 ||| STAIRDANCE
  2361 | D:4      | 2361 ||| STAIRDANCE
  2365 | D:4      | 2365 ||| STAIRDANCE
  2369 | D:4      | 2369 ||| STAIRDANCE
  2373 | D:4      | 2373 ||| STAIRDANCE
  2377 | D:4      | 2377 ||| STAIRDANCE
  2381 | D:4      | 2381 ||| STAIRDANCE
  2385 | D:4      | 2385 ||| STAIRDANCE
  2389 | D:4      | 2389 ||| STAIRDANCE
  2393 | D:4      | 2393 ||| STAIRDANCE
  2397 | D:4      | 2397 ||| STAIRDANCE
  2401 | D:4      | 2401 ||| STAIRDANCE
  2405 | D:4      | 2405 ||| STAIRDANCE
  2409 | D:4      | 2409 ||| STAIRDANCE
  2413 | D:4      | 2413 ||| STAIRDANCE
  2417 | D:4      | 2417 ||| STAIRDANCE
  2421 | D:4      | 2421 ||| STAIRDANCE
  2425 | D:4      | 2425 ||| STAIRDANCE
  2429 | D:4      | 2429 ||| STAIRDANCE
  2433 | D:4      | 2433 ||| STAIRDANCE
  2508 | D:4      | Reached skill level 6 in Ranged Weapons
  2633 | D:4      | Found Loshugh's Antique Armour Shop.
  2643 | D:4      | 2643 ||| SHOPLISTING pair of embroidered gloves (180 gold,
                  | have 177).
  2643 | D:4      | 2643 ||| SHOPLISTING pair of runed boots (180 gold, have
                  | 177).
  2643 | D:4      | 2643 ||| BUYING runed robe (88 gold).
  2643 | D:4      | Bought a runed robe for 88 gold pieces
  2680 | D:4      | Noticed a black bear
  2681 | D:4      | 2681 ||| RETREEAATING.
  2685 | D:4      | Reached XP level 6. HP: 21/38 MP: 6/6
  2694 | D:4      | Killed a black bear
  2855 | D:4      | Noticed an ice beast
  2862 | D:4      | Killed an ice beast
  2863 | D:4      | Reached skill level 7 in Ranged Weapons
  2863 | D:4      | Reached XP level 7. HP: 31/43 MP: 7/7
  3178 | D:4      | You fall into a shaft and drop 1 floor!
  3178 | D:5      | Entered Level 5 of the Dungeon
  3178 | D:5      | Found a broken altar of Ashenzari.
  3179 | D:5      | 3179 ||| UPGRADING to +1 robe of willpower.
  3189 | D:5      | 3189 ||| READING 3 scrolls labelled NEAKAJ ETIL.
  3190 | D:5      | 3190 ||| READING scroll labelled SIGECLU TEMURA.
  3191 | D:5      | 3191 ||| READING scroll labelled HUNNIO DOWAS.
  3192 | D:5      | 3192 ||| READING 2 scrolls of identify.
  3192 | D:5      | 3192 ||| IDENTIFYING sapphire potion
  3304 | D:5      | Found a staircase to the Ecumenical Temple.
  3305 | D:5      | 3305 ||| PLANNING TEMPLE
  3313 | Temple   | Entered the Ecumenical Temple
  3314 | Temple   | 3314 ||| PLANNING D:1-11
  3420 | D:5      | 3420 ||| FLEEEEING.
  3424 | D:5      | 3424 ||| FLEEEEING.
  3426 | D:5      | 3426 ||| STAIRDANCE
  3528 | D:4      | 3528 ||| UPGRADING to +0 cloak.
  3536 | D:5      | 3536 ||| STAIRDANCE
  3584 | D:5      | 3584 ||| STAIRDANCE
  3593 | D:5      | 3593 ||| STAIRDANCE
  3600 | D:5      | 3600 ||| STAIRDANCE
  3608 | D:4      | Reached skill level 8 in Ranged Weapons
  3630 | D:5      | Noticed Prince Ribbit
  3631 | D:5      | 3631 ||| STAIRDANCE
  3639 | D:5      | 3639 ||| STAIRDANCE
  3642 | D:4      | HP: 4/43 [Prince Ribbit (12)]
  3643 | D:4      | 3643 ||| DRINKING potion of heal wounds.
  3650 | D:4      | HP: 9/43 [Prince Ribbit (8)]
  3652 | D:4      | Killed Prince Ribbit
  3653 | D:4      | Reached XP level 8. HP: 12/50 MP: 8/8
  3792 | D:5      | 3792 ||| STAIRDANCE
  3815 | D:5      | 3815 ||| STAIRDANCE
  3888 | D:5      | 3888 ||| STAIRDANCE
  3937 | D:5      | 3937 ||| STAIRDANCE
  3979 | D:5      | 3979 ||| STAIRDANCE
  4428 | D:5      | Reached skill level 9 in Ranged Weapons
  4450 | D:5      | Reached skill level 6 in Fighting
  4620 | D:6      | 4620 ||| STAIRDANCE
  4816 | D:6      | Found a burning altar of Makhleb.
  4835 | D:6      | Reached skill level 10 in Ranged Weapons
  4835 | D:6      | Reached XP level 9. HP: 55/55 MP: 9/9
  4862 | D:6      | Reached skill level 3 in Dodging
  5208 | D:6      | Found a glowing golden altar of the Shining One.
  5261 | D:6      | Noticed Maggie
  5272 | D:6      | Killed Maggie
  5345 | D:6      | 5345 ||| DROPPING +0 ring mail.
  5346 | D:6      | 5346 ||| UPGRADING to +0 steam dragon scales.
  5356 | D:6      | 5356 ||| DROPPING +1 robe of willpower.
  5357 | D:6      | 5357 ||| READING scroll labelled HYNLOPP VIFYENK.
  5358 | D:6      | 5358 ||| READING scroll labelled HUHUPRAPPO.
  5359 | D:6      | 5359 ||| READING scroll labelled EXYTTE IDEOSCH.
  5383 | D:7      | 5383 ||| STAIRDANCE
  5397 | D:7      | Reached skill level 3 in Armour
  5562 | D:7      | Reached skill level 11 in Ranged Weapons
  5628 | D:7      | 5628 ||| UPGRADING to amulet of regeneration.
  5634 | D:7      | 5634 ||| DROPPING ring of wizardry.
  5712 | D:7      | 5712 ||| READING scroll labelled IHIBI REUSOI.
  5713 | D:7      | 5713 ||| DRINKING 2 fuming black potions.
  5714 | D:7      | 5714 ||| READING 4 scrolls of identify.
  5714 | D:7      | 5714 ||| IDENTIFYING black potion
  5715 | D:7      | 5715 ||| READING 3 scrolls of identify.
  5715 | D:7      | 5715 ||| IDENTIFYING fizzy white potion
  5716 | D:7      | 5716 ||| READING 2 scrolls of identify.
  5716 | D:7      | 5716 ||| IDENTIFYING fizzy sapphire potion
  5717 | D:7      | 5717 ||| DROPPING potion of lignification.
  5718 | D:7      | 5718 ||| DROPPING potion of brilliance.
  5951 | D:7      | Found a stormy altar of Qazlal.
  5951 | D:7      | Found an opulent altar of Gozag.
  5953 | D:7      | Found a white marble altar of Elyvilon.
  5970 | D:8      | Noticed Joseph
  5973 | D:8      | 5973 ||| FLEEEEING.
  5977 | D:8      | 5977 ||| FLEEEEING.
  5978 | D:8      | 5978 ||| FLEEEEING.
  5979 | D:8      | 5979 ||| STAIRDANCE
  5990 | D:8      | Killed Joseph
  5991 | D:8      | Reached skill level 12 in Ranged Weapons
  5991 | D:8      | Reached XP level 10. HP: 64/64 MP: 10/10
  6031 | D:8      | HP: 12/64 [wyvern (12)]
  6032 | D:8      | 6032 ||| READING scroll of teleportation.
  6032 | D:8      | HP: 5/64 [wyvern (8)]
  6033 | D:8      | 6033 ||| DRINKING potion of heal wounds.
  6089 | D:8      | Noticed a white ugly thing
  6097 | D:8      | HP: 2/64 [white ugly thing (25)]
  6099 | D:8      | Killed a white ugly thing
  6200 | D:8      | Noticed Grum
  6203 | D:8      | 6203 ||| RETREEAATING.
  6205 | D:8      | 6205 ||| STILL RETREEAATING.
  6206 | D:8      | 6206 ||| STILL RETREEAATING.
  6208 | D:8      | 6208 ||| RETREEAATING.
  6209 | D:8      | 6209 ||| Stepping ~*~*~tactically~*~*~ (retreating).
  6214 | D:8      | Killed Grum
  6304 | D:8      | Found Jionegu's Assorted Antiques.
  6309 | D:8      | 6309 ||| BUYING glowing leather armour (180 gold).
  6309 | D:8      | Bought a glowing leather armour for 180 gold pieces
  6309 | D:8      | 6309 ||| BUYING scroll labelled SOGGAR KAPS (36 gold).
  6309 | D:8      | Bought a scroll labelled SOGGAR KAPS for 36 gold pieces
  6309 | D:8      | 6309 ||| BUYING scroll of identify (72 gold).
  6309 | D:8      | Bought a scroll of identify for 72 gold pieces
  6547 | D:8      | Noticed Erica
  6553 | D:8      | 6553 ||| DRINKING 5 potions of curing.
  6553 | D:8      | 6553 ||| (to cure confusion)
  6554 | D:8      | Killed Erica
  6889 | D:8      | Found a sacrificial altar of Ru.
  6894 | D:8      | Noticed Maurice
  6908 | D:8      | Something stole 180 gold
  6915 | D:8      | Killed Maurice
  7040 | D:8      | 7040 ||| UPGRADING to +3 leather armour of cold resistance.
  7050 | D:8      | 7050 ||| UPGRADING to +1 cloak of willpower.
  7060 | D:8      | 7060 ||| DROPPING +0 cloak.
  7061 | D:8      | 7061 ||| DROPPING +0 steam dragon scales.
  7062 | D:8      | 7062 ||| READING scroll labelled SOGGAR KAPS.
  7063 | D:8      | 7063 ||| READING 2 scrolls labelled TYC VESHROX.
  7064 | D:8      | 7064 ||| READING 3 scrolls of identify.
  7064 | D:8      | 7064 ||| IDENTIFYING fizzy green potion
  7065 | D:8      | 7065 ||| READING 2 scrolls of identify.
  7065 | D:8      | 7065 ||| IDENTIFYING blue potion
  7066 | D:8      | 7066 ||| DROPPING potion of invisibility.
  7067 | D:8      | 7067 ||| DROPPING scroll of vulnerability.
  7130 | D:9      | Found a transporter.
  7141 | D:9      | Noticed qw's ghost (journeyman GrHu)
  7153 | D:9      | Reached skill level 13 in Ranged Weapons
  7160 | D:9      | Found a transporter.
  7165 | D:9      | Noticed Psyche
  7171 | D:9      | Killed Psyche
  7207 | D:9      | Reached skill level 9 in Fighting
  7213 | D:9      | 7213 ||| FLEEEEING.
  7216 | D:9      | 7216 ||| FLEEEEING.
  7217 | D:9      | 7217 ||| FLEEEEING.
  7218 | D:9      | 7218 ||| FLEEEEING.
  7219 | D:9      | 7219 ||| FLEEEEING.
  7220 | D:9      | 7220 ||| FLEEEEING.
  7221 | D:9      | 7221 ||| FLEEEEING.
  7222 | D:9      | 7222 ||| FLEEEEING.
  7232 | D:9      | 7232 ||| Stepping ~*~*~tactically~*~*~ (retreating).
  7235 | D:9      | Reached XP level 11. HP: 71/71 MP: 11/11
  7236 | D:9      | 7236 ||| RETREEAATING.
  7240 | D:9      | 7240 ||| Stepping ~*~*~tactically~*~*~ (retreating).
  7241 | D:9      | 7241 ||| Stepping ~*~*~tactically~*~*~ (retreating).
  7250 | D:9      | 7250 ||| Stepping ~*~*~tactically~*~*~ (retreating).
  7291 | D:9      | Found an iron altar of Okawaru.
  7292 | D:9      | 7292 ||| PLANNING OKAWARU WORSHIP
  7292 | D:9      | 7292 ||| UPGRADING to +4 ring of protection.
  7297 | D:9      | Became a worshipper of Warmaster Okawaru
  7298 | D:9      | 7298 ||| PLANNING D:1-11
  7347 | D:9      | Noticed a centaur warrior
  7359 | D:9      | Killed a centaur warrior
  7360 | D:9      | Reached skill level 14 in Ranged Weapons
  7662 | D:9      | Found a shimmering blue altar of Sif Muna.
  7712 | D:9      | Found a blossoming altar of Fedhas.
  7733 | D:9      | Noticed an oklob plant
  7734 | D:9      | 7734 ||| DROPPING amulet of magic regeneration.
  7735 | D:9      | 7735 ||| READING 3 scrolls of identify.
  7735 | D:9      | 7735 ||| IDENTIFYING murky silvery potion
  7736 | D:9      | 7736 ||| DROPPING potion of ambrosia.
  7752 | D:9      | Killed an oklob plant
  8160 | D:10     | Entered Level 10 of the Dungeon
  8231 | D:10     | Reached * piety under Okawaru
  8288 | D:10     | Noticed Amaemon
  8289 | D:10     | 8289 ||| INVOKING Heroism.
  8302 | D:10     | Killed Amaemon
  8350 | D:10     | Noticed a two-headed ogre
  8351 | D:10     | 8351 ||| RETREEAATING.
  8352 | D:10     | 8352 ||| STILL RETREEAATING.
  8353 | D:10     | 8353 ||| STILL RETREEAATING.
  8354 | D:10     | 8354 ||| FLEEEEING.
  8355 | D:10     | 8355 ||| STILL RETREEAATING.
  8356 | D:10     | 8356 ||| Stepping ~*~*~tactically~*~*~ (retreating).
  8357 | D:10     | 8357 ||| STILL RETREEAATING.
  8358 | D:10     | 8358 ||| STILL RETREEAATING.
  8359 | D:10     | 8359 ||| INVOKING Heroism.
  8367 | D:10     | Killed a two-headed ogre
  8367 | D:10     | Reached ** piety under Okawaru
  8368 | D:10     | Reached skill level 3 in Invocations
  8375 | D:10     | 8375 ||| INVOKING Heroism.
  8399 | D:10     | 8399 ||| INVOKING Heroism.
  8573 | D:10     | Found a staircase to the Orcish Mines.
  8574 | D:10     | 8574 ||| RETREEAATING.
  8777 | D:10     | 8777 ||| RETREEAATING.
  8778 | D:10     | 8778 ||| STILL RETREEAATING.
  8780 | D:10     | 8780 ||| Stepping ~*~*~tactically~*~*~ (retreating).
  9141 | D:10     | 9141 ||| UPGRADING to +0 pair of boots.
  9146 | D:10     | 9146 ||| READING scroll labelled QYFAHUMUCS.
  9147 | D:10     | 9147 ||| READING 4 scrolls of identify.
  9147 | D:10     | 9147 ||| IDENTIFYING coppery potion
  9148 | D:10     | 9148 ||| DROPPING potion of degeneration.
  9222 | D:11     | 9222 ||| RETREEAATING.
  9223 | D:11     | 9223 ||| STILL RETREEAATING.
  9227 | D:11     | Reached skill level 15 in Ranged Weapons
  9238 | D:11     | 9238 ||| INVOKING Heroism.
  9277 | D:11     | Reached XP level 12. HP: 67/77 MP: 15/15
  9384 | D:11     | 9384 ||| RETREEAATING.
  9386 | D:11     | 9386 ||| STILL RETREEAATING.
  9387 | D:11     | 9387 ||| STILL RETREEAATING.
  9402 | D:11     | Reached *** piety under Okawaru
  9433 | D:11     | 9433 ||| INVOKING Heroism.
  9457 | D:11     | Found a staircase to the Lair.
  9458 | D:11     | Noticed a two-headed ogre
  9466 | D:11     | 9466 ||| RETREEAATING.
  9470 | D:11     | 9470 ||| Stepping ~*~*~tactically~*~*~ (retreating).
  9471 | D:11     | 9471 ||| Stepping ~*~*~tactically~*~*~ (retreating).
  9472 | D:11     | 9472 ||| Stepping ~*~*~tactically~*~*~ (retreating).
  9473 | D:11     | 9473 ||| STILL RETREEAATING.
  9474 | D:11     | 9474 ||| STILL RETREEAATING.
  9477 | D:11     | Killed a two-headed ogre
  9484 | D:11     | 9484 ||| INVOKING Heroism.
  9625 | D:11     | Noticed Josephine
  9626 | D:11     | 9626 ||| RETREEAATING.
  9629 | D:11     | 9629 ||| Stepping ~*~*~tactically~*~*~ (retreating).
  9631 | D:11     | 9631 ||| Stepping ~*~*~tactically~*~*~ (retreating).
  9632 | D:11     | 9632 ||| Stepping ~*~*~tactically~*~*~ (retreating).
  9643 | D:11     | Killed Josephine
  9643 | D:11     | Reached **** piety under Okawaru
  9644 | D:11     | Reached skill level 16 in Ranged Weapons
  9707 | D:11     | 9707 ||| RETREEAATING.
  9708 | D:11     | 9708 ||| STILL RETREEAATING.
  9709 | D:11     | 9709 ||| Stepping ~*~*~tactically~*~*~ (retreating).
  9710 | D:11     | 9710 ||| Stepping ~*~*~tactically~*~*~ (retreating).
  9711 | D:11     | 9711 ||| Stepping ~*~*~tactically~*~*~ (retreating).
  9712 | D:11     | 9712 ||| STAIRDANCE
  9719 | D:11     | 9719 ||| STAIRDANCE
  9769 | D:11     | 9769 ||| PLANNING LAIR
  9800 | Lair:1   | Entered Level 1 of the Lair of Beasts
  9821 | Lair:1   | 9821 ||| INVOKING Heroism.
  9906 | Lair:1   | Found a radiant altar of Vehumet.
 10002 | Lair:1   | Identified the +0 ring mail of Deaw {Fly Dex+4}
 10006 | Lair:1   | 10006 ||| READING scroll of enchant armour.
 10006 | Lair:1   | 10006 ||| ENCHANTING +0 pair of gloves.
 10095 | Lair:1   | 10095 ||| INVOKING Heroism.
 10146 | Lair:1   | 10146 ||| INVOKING Heroism.
 10172 | Lair:1   | Reached skill level 6 in Invocations
 10560 | Lair:1   | 10560 ||| DROPPING +0 troll leather armour.
 10561 | Lair:1   | 10561 ||| UPGRADING to +0 ring mail of Deaw {Fly Dex+4}.
 10583 | Lair:2   | Identified the +5 dagger of Gloom {venom, rC+}
 10614 | Lair:2   | Found a snail-covered altar of Cheibriados.
 10616 | Lair:2   | 10616 ||| INVOKING Heroism.
 10620 | Lair:2   | 10620 ||| RETREEAATING.
 10696 | Lair:2   | 10696 ||| RETREEAATING.
 10701 | Lair:2   | 10701 ||| Stepping ~*~*~tactically~*~*~ (retreating).
 10702 | Lair:2   | 10702 ||| Stepping ~*~*~tactically~*~*~ (retreating).
 10703 | Lair:2   | 10703 ||| Stepping ~*~*~tactically~*~*~ (retreating).
 10704 | Lair:2   | 10704 ||| Stepping ~*~*~tactically~*~*~ (retreating).
 10708 | Lair:2   | 10708 ||| Stepping ~*~*~tactically~*~*~ (retreating).
 10709 | Lair:2   | Reached ***** piety under Okawaru
 10715 | Lair:2   | Reached skill level 6 in Armour
 10715 | Lair:2   | Reached XP level 13. HP: 84/84 MP: 18/18
 10735 | Lair:2   | 10735 ||| FLEEEEING.
 10736 | Lair:2   | 10736 ||| FLEEEEING.
 10737 | Lair:2   | 10737 ||| FLEEEEING.
 10738 | Lair:2   | 10738 ||| FLEEEEING.
 10739 | Lair:2   | 10739 ||| FLEEEEING.
 10740 | Lair:2   | 10740 ||| FLEEEEING.
 10741 | Lair:2   | 10741 ||| FLEEEEING.
 10744 | Lair:2   | 10744 ||| FLEEEEING.
 10745 | Lair:2   | 10745 ||| FLEEEEING.
 10746 | Lair:2   | 10746 ||| FLEEEEING.
 10747 | Lair:2   | 10747 ||| FLEEEEING.
 10748 | Lair:2   | 10748 ||| FLEEEEING.
 10749 | Lair:2   | 10749 ||| FLEEEEING.
 10750 | Lair:2   | 10750 ||| FLEEEEING.
 10751 | Lair:2   | 10751 ||| FLEEEEING.
 10752 | Lair:2   | 10752 ||| STAIRDANCE
 10756 | Lair:2   | 10756 ||| INVOKING Heroism.
 10859 | Lair:2   | 10859 ||| INVOKING Heroism.
 11145 | Lair:2   | 11145 ||| INVOKING Heroism.
 11409 | Lair:2   | 11409 ||| DROPPING scarf of shadows.
 11433 | Lair:3   | 11433 ||| INVOKING Heroism.
 11460 | Lair:3   | HP: 20/84 [merfolk/+0 trident (7)]
 11461 | Lair:3   | 11461 ||| READING 2 scrolls of teleportation.
 11463 | Lair:3   | 11463 ||| FLEEEEING.
 11464 | Lair:3   | 11464 ||| STAIRDANCE
 11561 | Lair:3   | You are sucked into a shaft and drop 2 floors!
 11561 | Lair:5   | Entered Level 5 of the Lair of Beasts
 11562 | Lair:5   | 11562 ||| Stepping ~*~*~tactically~*~*~ (retreating).
 11563 | Lair:5   | 11563 ||| Stepping ~*~*~tactically~*~*~ (retreating).
 11564 | Lair:5   | 11564 ||| RETREEAATING.
 11565 | Lair:5   | 11565 ||| Stepping ~*~*~tactically~*~*~ (retreating).
 11566 | Lair:5   | 11566 ||| INVOKING Heroism.
 11581 | Lair:5   | 11581 ||| INVOKING Heroism.
 11582 | Lair:5   | HP: 16/84 [death yak (14)]
 11583 | Lair:5   | 11583 ||| READING scroll of teleportation.
 11586 | Lair:5   | 11586 ||| Stepping ~*~*~tactically~*~*~ (retreating).
 11587 | Lair:5   | 11587 ||| Stepping ~*~*~tactically~*~*~ (retreating).
 11588 | Lair:5   | HP: 9/84 [spriggan rider/+0 spear (14)]
 11589 | Lair:5   | HP: 1/84 [spriggan rider/+0 spear (6)]
 11592 | Lair:5   | Slain by an elephant

Levels and vault maps discovered:
D:1:      zaba_arrival_water, layout_loops_corners,
          minmay_misc_feat_more_columns, minmay_misc_feat_alley,
          minmay_misc_feat_doors, minmay_tetromino_o2
D:2:      layout_basic, shapermc_ecumenical_altar_ellora
D:3:      layout_rooms, nicolae_overflow_ecumenical_swirl,
          kennysheep_generic_room_2, uniq_crazy_yiuf_cottage
D:4:      layout_loops_cross, serial_shops, nicolae_shop_crystal
D:5:      layout_basic, nicolae_ashenzari_panopticon, minmay_temple_entry_mist,
          uniq_prince_ribbit1
D:6:      layout_basic, mainiacjoe_overflow_alcove_2,
          mainiacjoe_overflow_alcove_4, uniq_maggie
D:7:      layout_cave_pools, gammafunk_temple_overflow_claw, kb_rosetta
D:8:      layout_basic, mainiacjoe_overflow_concentric_impassable, serial_shops,
          kennysheep_little_box, uniq_joseph, uniq_erica, uniq_maurice,
          uniq_grum
D:9:      layout_loops_ring, nicolae_sif_muna_little_library, marbit_many_paths,
          tgw_fedhas, gammafunk_ghost_stat_death, minmay_misc_feat_pillars,
          fountainhead, minmay_radiant, uniq_psyche
D:10:     layout_irregular_city, zombieorc2_lemuel,
          hangedman_abyss_or_decor_stabs, uniq_amaemon
D:11:     layout_roguey, due_lair_maze_entry_diamond, uniq_josephine
Temple:   jpeg_temple_clearing
Lair:1:   layout_regular_city, basic_altar
Lair:2:   layout_cave_pods, lemuel_oklob_altar
Lair:3:   dreamdust_cave_troll, layout_regular_city, elwin_shoals_entry_stream,
          minmay_snake_entry_six_corridors, uniq_sonja
Lair:5:   minmay_lair_end_enchanted_forest, layout_small_grid,
          mumra_transporter_accident

Skill      XL: |  1  2  3  4  5  6  7  8  9 10 11 12 13 |
---------------+----------------------------------------+-----
Armour         | 1 2 3 4 6 7 |  7.0
Ranged Weapons | 5 6 7 8 10 12 13 15 16 | 16.1
Fighting       | 3 4 5 6 8 9 10 11 | 11.0
Dodging        | 2 3 4 5 |  5.9
Invocations    | 4 7 8 |  8.8
Stealth        | |  1.1

Action                     |  1- 3 |  4- 6 |  7- 9 | 10-12 | 13-15 || total
---------------------------+-------+-------+-------+-------+-------++-------
   Fire: Shortbow          |    72 |    74 |       |       |       ||   146
         Orcbow            |       |    52 |   289 |   684 |    97 ||  1122
 Invoke: Heroism           |       |       |       |    11 |     6 ||    17
    Use: Potion            |     2 |     1 |     2 |     2 |       ||     7
         Scroll            |       |     5 |    11 |     9 |     2 ||    27
 Armour: Leather armour    |     8 |       |       |   213 |       ||   221
         Ring mail         |     6 |    67 |     3 |     7 |    79 ||   162
         Robe              |       |       |    70 |       |       ||    70
         Steam dragon scal |       |       |    24 |    35 |       ||    59
  Dodge: Dodged            |     9 |    33 |    83 |   220 |    99 ||   444

Table legend:
 A = Non-vault XP
 B = Vault XP
 C = Vault XP percentage of total XP
 D = Non-vault monster count
 E = Vault monster count
 F = Vault count percentage of total count
                 A         B        C        D         E       F
            +---------+---------+-------+---------+---------+-------
      Total |   26025 |   13264 |  33.8 |     258 |      80 |  23.7
            +---------+---------+-------+---------+---------+-------
        D:1 |      18 |       2 |  10.0 |      10 |       2 |  16.7
        D:2 |     123 |       0 |   0.0 |      22 |       0 |   0.0
        D:3 |      45 |       7 |  13.5 |      13 |       2 |  13.3
        D:4 |     894 |     268 |  23.1 |      26 |       1 |   3.7
        D:5 |     647 |       0 |   0.0 |      12 |       0 |   0.0
        D:6 |     984 |     404 |  29.1 |      23 |       1 |   4.2
        D:7 |     468 |     681 |  59.3 |      19 |       4 |  17.4
        D:8 |    1124 |    2208 |  66.3 |       9 |       6 |  40.0
        D:9 |    2119 |    2065 |  49.4 |      23 |       5 |  17.9
       D:10 |    3480 |    1964 |  36.1 |      32 |      38 |  54.3
       D:11 |    4299 |    3337 |  43.7 |      19 |      14 |  42.4
     Lair:1 |    4523 |       0 |   0.0 |      23 |       0 |   0.0
     Lair:2 |    4520 |     580 |  11.4 |      18 |       1 |   5.3
     Lair:3 |    1560 |    1533 |  49.6 |       6 |       5 |  45.5
     Lair:5 |    1221 |     215 |  15.0 |       3 |       1 |  25.0
            +---------+---------+-------+---------+---------+-------
